 Dungeon Crawl Stone Soup version 0.28-a0-1613-gdaab1c2f9b (console) character file.

Game seed: 15815957211077091294

126742 Melian the Slayer (level 16, 0/264 HPs)
             Began as a Minotaur Berserker on Jan 21, 2022.
             Was a High Priest of Trog.
             Succumbed to a spriggan rider's poison
             ... on level 3 of the Swamp on Jan 22, 2022.
             The game lasted 01:55:15 (28771 turns).

Melian the Slayer (Minotaur Berserker)             Turns: 28771, Time: 01:55:15

Health: 0/264      AC: 36    Str: 31    XL:     16   Next: 44%
Magic:  15/15      EV: 11    Int:  4    God:    Trog [*****.]
Gold:   2637       SH:  0    Dex: 19    Spells: 15/15 levels left

rFire   . . .      SeeInvis .   X - +4 executioner's axe (protect)
rCold   + + .      Faith    .   (shield currently unavailable)
rNeg    + + .      Spirit   .   Z - +1 plate armour {rC+}
rPois   .          Reflect  .   o - +2 hat {Will+}
rElec   +          Harm     .   U - +0 cloak of Agoraphobia {rF+ rN++ Int-2 Stlth+}
rCorr   .          Rampage  .   v - +0 pair of gloves "Ynarr" {Dex+4}
Will    ++...                   y - +2 pair of boots
Stlth   ..........              A - amulet of regeneration
HPRegen 1.34/turn               B - +4 ring of protection
MPRegen 0.14/turn               T - ring "Othrakunn" {Ice rElec Dex+4}

@: berserking, lethally poisoned (0 -> -13), under a protective aura, very quick
A: horns 2, retaliatory headbutt, agile 1, clever 1
a: Renounce Religion, Berserk, Trog's Hand, Brothers in Arms


You were on level 3 of the Swamp.
You worshipped Trog.
Trog was extremely pleased with you.
You visited 4 branches of the dungeon, and saw 26 of its levels.
You also visited: Ice Cave and Volcano.

You collected 2637 gold pieces.

Inventory:

Hand Weapons
 N - a +2 battleaxe of flaming
 P - a +2 shortbow of flaming
 X - a +4 executioner's axe of protection (weapon)
 Y - a +3 antimagic battleaxe
Missiles
 r - a boomerang of dispersal
 O - 2 throwing nets (quivered)
Armour
 o - a +2 hat of willpower (worn)
 v - the +0 pair of gloves "Ynarr" (worn) {Dex+4}
   (You found it on level 6 of the Dungeon)

   Dex:       It affects your dexterity (+4).
 y - a +2 pair of boots (worn)
 U - the +0 cloak of Agoraphobia (worn) {rF+ rN++ Int-2 Stlth+}
   (You found it in an ice cave)

   Int:       It affects your intelligence (-2).
   rF:        It protects you from fire.
   rN:        It greatly protects you from negative energy.
   Stlth:     It makes you more stealthy.
 V - a +0 kite shield of cold resistance
 Z - a +1 plate armour of cold resistance (worn)
Jewellery
 c - a ring of willpower
 i - a ring of ice
 k - a ring of positive energy
 n - a ring of fire
 u - a +4 ring of evasion
 z - a ring of see invisible
 A - an amulet of regeneration (around neck)
 B - a +4 ring of protection (left hand)
 T - the ring "Othrakunn" (right hand) {Ice rElec Dex+4}
   (You found it in an ice cave)

   [ring of ice]

   It enhances your ice magic.
   Dex:       It affects your dexterity (+4).
   rF:        It makes you vulnerable to fire.
   rC:        It protects you from cold.
   rElec:     It insulates you from electricity.
Wands
 s - a wand of polymorph (34)
 w - a wand of flame (55)
 I - a wand of iceblast (12)
 R - a wand of charming (12)
Scrolls
 b - 3 scrolls of vulnerability
 e - 3 scrolls of magic mapping
 f - 3 scrolls of enchant armour
 h - a scroll of brand weapon
 j - a scroll of summoning
 l - 4 scrolls of fog
 m - 4 scrolls of teleportation
 D - a scroll of blinking
 J - 3 scrolls of fear
 K - 2 scrolls of identify
 L - 2 scrolls of enchant weapon
Potions
 a - 7 potions of heal wounds
 d - 7 potions of lignification
 g - 5 potions of ambrosia
 p - a potion of berserk rage
 q - 4 potions of haste
 t - 2 potions of brilliance
 x - 6 potions of might
 E - a potion of cancellation
 F - 3 potions of flight
 G - 7 potions of attraction
 H - a potion of mutation
 M - a potion of invisibility
 S - 3 potions of curing
Miscellaneous
 Q - a condenser vane


   Skills:
 + Level 24.5 Fighting
 + Level 21.3 Axes
 - Level 13.2 Armour
 - Level 5.0 Dodging


You had 15 spell levels left.
You didn't know any spells.
Your spell library contained the following spells:

 Spells                   Type           Power      Damage    Failure   Level
 Olgreb's Toxic Radiance  Pois           0%         N/A       100%        4
 Ozocubu's Refrigeration  Ice            0%         4d5       100%        7
 Ignition                 Fire           0%         3d3       100%        8


Dungeon Overview and Level Annotations

Branches:
Dungeon (15/15)            Temple (0/1) D:6            Lair (6/6) D:10
  Swamp (3/4) Lair:4        Snake (0/4) Lair:4        Slime (0/5) Lair:5
    Orc (2/2) D:10            Elf (0/3) Orc:2        Depths (0/4) D:15
  IceCv (visited)         Volcano (visited)
 Vaults: D:13-14

Altars:
Cheibriados
Elyvilon
Gozag
Hepliaklqana
Makhleb
Nemelex Xobeh
Ru
Trog
Uskayaw
Vehumet
Xom
Zin
The Shining One
Beogh

Shops:
D:10 !   Orc:2 :?:(


Innate Abilities, Weirdness & Mutations

You have a pair of horns on your head.
You reflexively headbutt those who attack you in melee.
You are agile. (Dex +2)
Your mind is acute. (Int +2)


Message History

* * * LOW HITPOINT WARNING * * *
You are more poisoned.
You slice the spriggan rider!!
You kill the hornet!
Trog accepts your kill.
The spriggan falls from its now dead mount.
Your headbutt misses the spriggan.
The spriggan is heavily wounded.
You slash the spriggan rider!
You feel very sick.
You are too berserk!
Your unstable footing causes you to fumble your attack.
You feel very sick.
The spriggan rider hits you but does no damage.
You are more poisoned.
The spriggan hits you but does no damage.
You miss the spriggan rider. You headbutt the spriggan rider!!
The spriggan rider is severely wounded.
You slice the spriggan!!
You kill the spriggan!
Trog accepts your kill.
You feel very sick.
The spriggan rider hits you with a +0 spear of venom!
* * * LOW HITPOINT WARNING * * *
You are more poisoned.
You miss the spriggan rider. You headbutt the spriggan rider!!
You feel the power of Trog in you as your rage grows.
You kill the spriggan rider!
Trog accepts your kill.
You kill the hornet!
Trog accepts your kill.
You hear a splash. x3
* * * LOW HITPOINT WARNING * * *
You feel very sick.
* * * LOW HITPOINT WARNING * * *
You feel extremely sick.
Things that are here:
a +0 spear; a spriggan corpse You feel a strong urge to attack something.
You die...

≈≈..≈≈≈.≈≈≈♣ ♣
.....≈≈≈≈♣♣ ♣.
♣≈..≈≈≈.♣ ♣ ♣.
♣♣†≈.≈≈≈♣♣ ♣ . ♣♣.
♣§..♣....♣ ≈≈
♣≈≈.♣♣♣.<♣♣≈≈≈≈♣ ≈≈.
♣≈...≈†.♣♣♣.≈≈.♣ ≈≈..
♣♣♣..≈♣♣♣≈.≈≈≈.♣ ≈..§≈
♣♣♣♣♣♣♣♣♣...≈.≈♣♣
)≈≈§≈>♣♣)≈♣♣≈≈..≈≈≈≈≈.♣
♣>≈≈≈)w)@...≈..≈≈†≈≈.♣
♣.≈≈≈≈≈≈.≈♣♣♣♣.≈≈≈≈.♣♣
≈..$≈≈≈≈†.♣♣ ♣.≈≈..≈♣
≈.......≈♣♣ ♣...≈♣♣♣
.≈≈..≈♣♣♣♣ ♣♣♣♣♣♣
.♣♣♣♣♣


You could see a tyrant leech.

Vanquished Creatures
  Gastronok (Lair:2)
  A thorn hunter (Swamp:2)
  Kirke (Lair:4)
  2 azure jellies (IceCv)
  A fenstrider witch (Swamp:2)
  Aizul (Swamp:2)
  4 ghouls (Swamp:2)
  2 quicksilver oozes (IceCv)
  The ghost of murtidash the Cleaver, a journeyman FoAK of Lugonu (Lair:5)
  5 eleionomae (Swamp:2)
  A bunyip (Swamp:1)
  Josephine (Orc:2)
  A shambling mangrove (Swamp:2)
  Harold (Lair:2)
  A boulder beetle (D:11)
  7 hydras
  4 catoblepae
  A two-headed ogre (D:8)
  6 centaur warriors
  5 alligators
  25 death yaks
  Urug (Lair:1)
  A hell knight (Volcano)
  4 spriggans
  2 goliath frogs
  3 swamp dragons
  4 orc knights
  A lindwurm (Lair:5)
  2 bog bodies
  Pikel (D:4)
  A wizard (D:15)
  2 orc sorcerers (Orc:1)
  A deep elf pyromancer (D:12)
  5 cyclopes
  6 ugly things
  6 manticores
  12 elephants
  Maurice (D:8)
  2 ice statues (IceCv)
  3 torpor snails
  11 cane toads
  8 black mambas
  2 entropy weaver simulacra (IceCv)
  2 unseen horrors
  A kobold demonologist (D:13)
  4 rime drakes
  A tengu conjurer (D:15)
  7 komodo dragons
  3 trolls
  Grinder (D:3)
  4 polar bears
  3 meliai (D:13)
  8 hornets
  5 tyrant leeches
  10 blink frogs
  14 slime creatures
  A vampire (D:12)
  4 wyverns
  59 yaks
  7 wraiths
  A hog (Lair:4)
  3 fire bats (Lair:1)
  8 vampire mosquitoes
  3 basilisks
  4 wargs
  Edmund (D:4)
  A steam dragon (D:7)
  2 acid dragons
  5 swamp worms
  5 demonic crawler simulacra (IceCv)
  14 water moccasins
  3 black bears
  2 sky beasts
  An ice beast (D:7)
  A necrophage (Swamp:2)
  4 ogres
  43 orc warriors
  4 ugly thing simulacra (IceCv)
  37 wolves
  A phantom (D:6)
  23 centaurs
  A lemure (D:4)
  4 kobold brigands
  18 bullfrogs
  A gnoll sergeant (D:13)
  2 scorpions
  2 glowing shapeshifter simulacra (IceCv)
  14 killer bees
  2 electric eels
  3 howler monkeys
  5 centaur zombies
  A bullfrog zombie (D:6)
  3 jellies
  A lava snake (D:10)
  4 hounds
  16 orc priests
  Crazy Yiuf (D:7)
  A gnoll shaman (D:6)
  Jessica (D:2)
  4 iguanas
  Terence (D:3)
  15 orc wizards
  4 hell rats (Lair:4)
  Robin (D:3)
  18 gnolls
  8 adders
  A shadow imp (D:8)
  15 white imps
  2 adder skeletons (D:4)
  4 dart slugs
  3 worms
  86 orcs
  5 ball pythons
  5 endoplasms
  7 giant cockroaches
  14 goblins
  10 hobgoblins
  11 jackals
  3 quokkas
  9 bats
  5 frilled lizards
  11 kobolds
  5 rats
  2 briar patches (Swamp:2)
  A bush (Lair:3)
781 creatures vanquished.

Vanquished Creatures (collateral kills)
  An orc warlord (Orc:1)
  Snorg (D:11)
  2 fire dragons (D:15)
  A centaur warrior (Volcano)
  A goliath frog (Swamp:2)
  An orc sorcerer (Orc:2)
  An ice statue (IceCv)
  A kobold demonologist (D:13)
  A rime drake (Lair:5)
  2 yaktaurs (Volcano)
  3 slime creatures (IceCv)
  A basilisk (Lair:2)
  4 orc warriors
  An ogre (Orc:1)
  A glowing shapeshifter simulacrum (IceCv)
  6 orcs
  2 kobolds (D:13)
30 creatures vanquished.

Vanquished Creatures (others)
  4 bloated husks
  A swamp worm (Swamp:2)
  An orc (D:8)
  2 briar patches (Swamp:2)
  35 fungi
  55 plants
98 creatures vanquished.

Grand Total: 909 creatures vanquished

Notes
Turn   | Place    | Note
-------+----------+-------------------------------------------
     0 | D:1      | Melian the Minotaur Berserker began the quest for the Orb.
     0 | D:1      | Reached XP level 1. HP: 19/19 MP: 0/0
   464 | D:1      | Reached XP level 2. HP: 24/27 MP: 1/1
   532 | D:1      | Reached skill level 4 in Fighting
   892 | D:1      | Reached XP level 3. HP: 24/33 MP: 2/2
  1409 | D:2      | Reached ** piety under Trog
  1654 | D:2      | Reached XP level 4. HP: 32/41 MP: 3/3
  1817 | D:2      | Found a faded altar of an unknown god.
  1961 | D:2      | Reached skill level 5 in Fighting
  1961 | D:2      | Reached skill level 5 in Axes
  2536 | D:3      | Noticed Jessica
  2544 | D:2      | Killed Jessica
  2545 | D:2      | Reached XP level 5. HP: 31/48 MP: 4/4
  2708 | D:3      | Noticed Robin
  2714 | D:3      | Reached *** piety under Trog
  2719 | D:3      | Killed Robin
  2876 | D:3      | HP: 2/50 [gnoll (4)]
  3182 | D:3      | Noticed Terence
  3188 | D:3      | Killed Terence
  3189 | D:3      | Reached skill level 6 in Fighting
  3307 | D:3      | Reached XP level 6. HP: 38/57 MP: 5/5
  3533 | D:3      | Noticed Grinder
  3549 | D:3      | Paralysed by Grinder for 7 turns
  3558 | D:3      | Killed Grinder
  3559 | D:3      | Reached skill level 7 in Fighting
  3838 | D:3      | Found a sacrificial altar of Ru.
  3860 | D:3      | Reached XP level 7. HP: 65/66 MP: 6/6
  4141 | D:4      | Reached **** piety under Trog
  4328 | D:4      | Noticed Edmund
  4342 | D:4      | Killed Edmund
  4555 | D:4      | Noticed Pikel
  4576 | D:4      | Killed Pikel
  4577 | D:4      | Reached skill level 9 in Fighting
  4577 | D:4      | Reached XP level 8. HP: 42/78 MP: 7/7
  5147 | D:5      | Entered Level 5 of the Dungeon
  5147 | D:5      | Found an opulent altar of Gozag.
  5413 | D:5      | Found a white marble altar of Elyvilon.
  5518 | D:5      | Reached skill level 10 in Axes
  5523 | D:5      | Reached skill level 10 in Fighting
  5525 | D:5      | Found a bloodstained altar of Trog.
  6100 | D:5      | Reached XP level 9. HP: 85/86 MP: 8/8
  6531 | D:6      | Identified the +0 pair of gloves "Ynarr" {Dex+4}
  6608 | D:6      | Reached skill level 11 in Fighting
  6831 | D:6      | Found a staircase to the Ecumenical Temple.
  7298 | D:7      | Found a hide-covered altar of Uskayaw.
  7389 | D:7      | Reached skill level 12 in Fighting
  7649 | D:7      | Identified the +9 quarterstaff of Vaij {freeze, Int+3}
  7709 | D:7      | Found a runed translucent door.
  7710 | D:7      | Noticed Crazy Yiuf
  7940 | D:7      | Killed Crazy Yiuf
  7998 | D:8      | Noticed a two-headed ogre
  8007 | D:8      | Killed a two-headed ogre
  8008 | D:8      | Reached XP level 10. HP: 100/100 MP: 9/9
  8073 | D:8      | Found a sparkling altar of Nemelex Xobeh.
  8078 | D:8      | Found a hazy altar of Hepliaklqana.
  8104 | D:8      | Noticed Maurice
  8130 | D:8      | Killed Maurice
  8131 | D:8      | Reached skill level 13 in Fighting
  8751 | D:9      | Reached ***** piety under Trog
  9194 | D:9      | Found a snail-covered altar of Cheibriados.
  9194 | D:9      | Found a shimmering altar of Xom.
  9205 | D:9      | Found a radiant altar of Vehumet.
  9342 | D:10     | Entered Level 10 of the Dungeon
  9414 | D:10     | Reached skill level 14 in Fighting
  9495 | D:10     | Found a burning altar of Makhleb.
  9516 | D:10     | Noticed a centaur warrior
  9516 | D:10     | Noticed an ogre mage
  9516 | D:10     | Noticed a fire crab
  9526 | D:10     | Noticed a green ugly thing
  9536 | D:10     | Noticed a centaur warrior
  9646 | D:10     | Noticed a salamander
  9676 | D:10     | Noticed a cyclops
  9676 | D:10     | Noticed a black mamba
  9677 | D:10     | Noticed a black mamba
  9802 | D:10     | Found a staircase to the Lair.
  9923 | D:10     | Noticed an orc knight
  9941 | D:10     | Killed an orc knight
  9942 | D:10     | Reached XP level 11. HP: 48/111 MP: 10/10
  9942 | D:10     | Noticed an orc knight
  9967 | D:10     | Killed an orc knight
 10275 | D:10     | Found a staircase to the Orcish Mines.
 10388 | D:10     | Found Gemmele's Distillery.
 10489 | D:10     | Gained mutation: You are agile. (Dex +2) [potion of
                  | mutation]
 10489 | D:10     | Gained mutation: Your mind is acute. (Int +2) [potion of
                  | mutation]
 10683 | D:10     | Found a glowing silver altar of Zin.
 10693 | D:10     | Found a glowing golden altar of the Shining One.
 10866 | D:11     | Noticed a boulder beetle
 10941 | D:11     | Noticed Snorg
 10953 | D:11     | Killed Snorg
 10954 | D:11     | Reached skill level 15 in Fighting
 10954 | D:11     | Reached skill level 15 in Axes
 11322 | D:11     | HP: 5/112 [boulder beetle (42)]
 11329 | D:11     | Killed a boulder beetle
 12262 | Lair:1   | Entered Level 1 of the Lair of Beasts
 12338 | Lair:1   | Noticed Urug
 12355 | Lair:1   | Killed Urug
 12480 | Lair:1   | Noticed a six-headed hydra
 12491 | Lair:1   | Killed a two-headed hydra
 12492 | Lair:1   | Reached skill level 16 in Fighting
 12538 | Lair:1   | Found a dark tunnel.
 12547 | Volcano  | Entered a volcano
 12649 | Volcano  | Noticed a centaur warrior
 12661 | Volcano  | Killed a centaur warrior
 12841 | Volcano  | Noticed a hell knight
 12848 | Volcano  | Killed a hell knight
 13102 | Lair:1   | Reached XP level 12. HP: 89/123 MP: 11/11
 14011 | Lair:2   | Reached skill level 5 in Armour
 14108 | Lair:2   | Noticed Gastronok
 14127 | Lair:2   | Killed Gastronok
 14380 | Lair:2   | Noticed Harold
 14396 | Lair:2   | Killed Harold
 14689 | Lair:3   | Reached skill level 17 in Fighting
 14747 | Lair:3   | Found a frozen archway.
 14908 | IceCv    | Entered an ice cave
 15021 | IceCv    | Noticed a quicksilver ooze
 15027 | IceCv    | Killed a quicksilver ooze
 15074 | IceCv    | Noticed a quicksilver ooze
 15077 | IceCv    | Killed a quicksilver ooze
 15708 | IceCv    | Reached XP level 13. HP: 116/134 MP: 12/12
 16048 | IceCv    | Noticed an azure jelly
 16054 | IceCv    | Killed an azure jelly
 16054 | IceCv    | Noticed an azure jelly
 16055 | IceCv    | Found a viscous altar of Jiyva.
 16061 | IceCv    | Killed an azure jelly
 16062 | IceCv    | Reached skill level 18 in Fighting
 16226 | IceCv    | Got the ring "Othrakunn" {Ice rElec Dex+4}
 16230 | IceCv    | Identified the +0 cloak of Agoraphobia {rF+ rN++ Int-2
                  | Stlth+}
 16992 | Lair:3   | Found a snail-covered altar of Cheibriados.
 17456 | Lair:4   | Reached skill level 10 in Armour
 17482 | Lair:4   | Found a staircase to the Snake Pit.
 17499 | Lair:4   | Identified the +10 dagger "Imp's Foe" {drain, rCorr}
 17952 | Lair:4   | Received a gift from Trog
 18173 | Lair:4   | Found a staircase to the Swamp.
 18188 | Lair:4   | Noticed Kirke
 18247 | Lair:4   | Killed Kirke
 18573 | Lair:5   | Found a transporter.
 18656 | Lair:5   | Reached skill level 19 in Fighting
 18666 | Lair:5   | Reached XP level 14. HP: 146/146 MP: 13/13
 19019 | Lair:5   | Noticed murtidash's ghost (journeyman FoAK)
 19037 | Lair:5   | Found a transporter.
 19064 | Lair:5   | Found a staircase to the Slime Pits.
 19809 | Lair:5   | Killed murtidash's ghost
 20108 | Lair:6   | Entered Level 6 of the Lair of Beasts
 20145 | Lair:6   | Received a gift from Trog
 20792 | Lair:6   | Reached skill level 20 in Fighting
 21232 | Lair:6   | Reached skill level 5 in Dodging
 21435 | Lair:6   | Reached XP level 15. HP: 157/157 MP: 14/14
 21672 | Lair:6   | Reached skill level 21 in Fighting
 21682 | Lair:6   | Received a gift from Trog
 21830 | Lair:6   | Identified the +8 short sword "Tirruul" {holy, rCorr MP+9
                  | Dex+3}
 22216 | Orc:1    | Entered Level 1 of the Orcish Mines
 22226 | Orc:1    | Noticed an orc warlord
 22242 | Orc:1    | Killed an orc warlord
 22699 | Orc:2    | Entered Level 2 of the Orcish Mines
 22789 | Orc:2    | Found a staircase to the Elven Halls.
 22842 | Orc:2    | Paralysed by an orc sorcerer for 4 turns
 23143 | Orc:2    | Noticed Josephine
 23154 | Orc:2    | Reached skill level 22 in Fighting
 23154 | Orc:2    | Killed Josephine
 23386 | Orc:2    | Found Xausur's Book Boutique.
 23386 | Orc:2    | Found Ofemaer's Magic Scroll Shoppe.
 23388 | Orc:2    | Found Riahyn's Book Emporium.
 23390 | Orc:2    | Found Wylokhur's Weapon Shop.
 24073 | D:12     | Received a gift from Trog
 24751 | D:13     | You fall into a shaft and drop 2 floors!
 24751 | D:15     | Entered Level 15 of the Dungeon
 24836 | D:15     | Found a staircase to the Depths.
 24915 | D:15     | Reached skill level 23 in Fighting
 26749 | Swamp:1  | Entered Level 1 of the Swamp
 26761 | Swamp:1  | Received a gift from Trog
 27578 | Swamp:2  | Noticed a thorn hunter
 27602 | Swamp:2  | Reached XP level 16. HP: 80/174 MP: 15/15
 27602 | Swamp:2  | Killed a thorn hunter
 27814 | Swamp:2  | Reached skill level 24 in Fighting
 28115 | Swamp:2  | Noticed Aizul
 28125 | Swamp:2  | Killed Aizul
 28769 | Swamp:3  | HP: 11/264 [poisoned by a spriggan rider]
 28770 | Swamp:3  | HP: 4/264 [poisoned by a spriggan rider]
 28771 | Swamp:3  | Succumbed to a spriggan rider's poison

Illustrated notes

Levels and vault maps discovered:
D:1:      amcnicky_arrival_double_pillar, layout_loops_ring, minmay_cut_off
D:2:      layout_loops_ring, nicolae_ecumenical_snake_handling,
          guppyfry_early_orc_mine
D:3:      layout_rooms, nicolae_ru_path_of_blood, uniq_jessica, uniq_robin,
          uniq_terence, uniq_grinder
D:4:      kb_forest_paths, layout_basic, uniq_edmund, uniq_pikel
D:5:      layout_loops_ring, grunt_gozag_breadcrumbs, trog_ov_bears_minmay,
          mainiacjoe_overflow_catwalk, serial_aquarium, aquarium_bridge_straight
          [aquarium_subvault_bridge, aquarium_subvault_wall,
          aquarium_subvault_bridge, aquarium_subvault_wall],
          aquarium_bridge_straight [aquarium_subvault_bridge,
          aquarium_subvault_balcony, aquarium_subvault_bridge,
          aquarium_subvault_window], aquarium_window_2, aquarium_window_3,
          aquarium_window_2, aquarium_window_1, aquarium_view_2g
D:6:      layout_gridville, minmay_temple_entry_butterflies
D:7:      layout_cave_pools, eat_drink_and_be_merry_uskayaw,
          uniq_crazy_yiuf_cottage
D:8:      layout_rooms, mainiacjoe_overflow_big_doors, nrook_uturn,
          nicolae_lava_and_water, uniq_maurice
D:9:      layout_rooms, gammafunk_temple_overflow_wave, nicolae_vehumet_radiance
D:10:     layout_cave_pods, lightli_temple_of_fire, minitemple,
          lair_entry_dummy, david_orc_5, nicolae_inconvenience_store,
          chequers_decorated_corner, minivault_12
D:11:     layout_stronghold, uniq_snorg
D:12:     layout_roguey, special_room [special_room_orc], kennysheep_dice
D:13:     layout_long_grid
D:14:     layout_rooms, david_vaults_1, serial_curves, eino_curves_03,
          eino_curves_02, kennysheep_generic_room_12
D:15:     grunt_enter_depths_hoard, layout_basic, chequers_serial_rivers_micro_d
Lair:1:   layout_roguey, nicolae_volcano_entry_batcave, grunt_megastairs_3,
          uniq_urug
Lair:2:   layout_cave_shapes, grunt_megastairs_1, uniq_gastronok, uniq_harold
Lair:3:   layout_concentric_octagons, basic_altar, portal_ice_cave_entry_imps
Lair:4:   layout_cave_pods, swamp_mist_pool, minmay_snake_entry_six_corridors,
          uniq_kirke
Lair:5:   layout_layer_cave, slime_dummy, nzn_ghost_randoct,
          minmay_lindwurm_lava
Lair:6:   evilmike_catoblepas_cave, layout_regular_city,
          grunt_forest_large_clearings
Swamp:1:  layout_falls_marsh, evilmike_swamp_ruin_house_1, swamp_pool2,
          nicolae_swamp_feature_on_the_river_bank
Swamp:2:  nicolae_swamp_wrong_neighborhood, layout_falls_marsh,
          hangedman_swamp_ruin_wall, swamp_pool5, uniq_aizul
Swamp:3:  layout_basic_swamp, evilmike_swamp_ruin_house_2
Orc:1:    layout_caves, roderic_batcave, kennysheep_orc_sif_temple, uniq_erolcha
Orc:2:    st_orc_rangers, layout_diamond_mine, uniq_josephine

Skill      XL: |  1  2  3  4  5  6  7  8  9 10 11 12 13 14 15 16 |
---------------+-------------------------------------------------+-----
Fighting       | 4 5 6 7 9 10 12 14 16 17 19 20 23 24 | 24.5
Axes           | 4 5 6 7 9 10 12 14 16 17 19 20 21 | 21.3
Armour         | 4 8 11 13 | 13.2
Dodging        | 5 |  5.0

Action                   |  1- 3 |  4- 6 |  7- 9 | 10-12 | 13-15 | 16-18 || total
-------------------------+-------+-------+-------+-------+-------+-------++-------
Melee: Hand axe          |    56 |       |       |       |       |       ||    56
       Headbutt          |     9 |     8 |    45 |    72 |   187 |    46 ||   367
       War axe           |    28 |   106 |   236 |   191 |       |       ||   561
       Punch             |       |     1 |     3 |     1 |       |       ||     5
       Dire flail        |       |       |    11 |       |       |       ||    11
       Unarmed           |       |       |       |     2 |       |       ||     2
       Battleaxe         |       |       |       |   190 |   324 |     6 ||   520
       Executioner's axe |       |       |       |       |   478 |   158 ||   636
Invok: Berserk           |       |     3 |     3 |     8 |    15 |     3 ||    32
       Trog's Hand       |       |     1 |       |     2 |       |       ||     3
       Brothers in Arms  |       |       |     1 |     5 |     7 |     1 ||    14
Evoke: Wand              |       |       |     1 |     3 |     6 |     2 ||    12
  Use: Scroll            |       |       |    11 |    11 |     5 |     2 ||    29
       Potion            |       |       |       |     6 |       |     3 ||     9
 Stab: Distracted        |       |       |       |       |     1 |       ||     1
Armor: Animal skin       |    13 |     6 |       |       |       |       ||    19
       Chain mail        |       |    15 |   100 |       |       |       ||   115
       Plate armour      |       |       |    22 |   224 |   588 |   107 ||   941
Dodge: Dodged            |    55 |    49 |    94 |   206 |   474 |    60 ||   938

Table legend: (Time is in decaauts)
 A = Elapsed time spent in this place.
 B = Non-inter-level travel time spent in this place.
 C = Inter-level travel time spent in this place.
 D = Time resting spent in this place.
 E = Time spent auto-exploring this place.
 F = Levels seen in this place.
 G = Mean time per level.
                   A        B        C        D        E       F      G
               +--------+--------+--------+--------+--------+-----+--------+
         Total |  28973 |  27943 |   1030 |      0 |  20907 |  28 | 1034.8 |
       Dungeon |  15768 |  15221 |    547 |      0 |  11769 |  15 | 1051.2 |
          Lair |   7713 |   7386 |    327 |      0 |   5545 |   6 | 1285.5 |
         Swamp |   2130 |   2013 |    117 |      0 |   1383 |   3 |  710.0 |
  Orcish Mines |   1074 |   1036 |     38 |      0 |    540 |   2 |  537.0 |
      Ice Cave |   1805 |   1805 |      0 |      0 |   1311 |   1 | 1805.0 |
       Volcano |    481 |    481 |      0 |      0 |    358 |   1 |  481.0 |
               +--------+--------+--------+--------+--------+-----+--------+

Top non-repeatable levels by time:
  Lair:5: 1998 daAuts
    D:10: 1962 daAuts
   IceCv: 1805 daAuts
  Lair:6: 1559 daAuts
    D:11: 1388 daAuts
     D:1: 1383 daAuts
     D:4: 1366 daAuts
     D:3: 1353 daAuts
    D:13: 1350 daAuts
  Lair:1: 1303 daAuts
     D:2: 1286 daAuts
  Lair:4: 1124 daAuts
 Swamp:2: 1067 daAuts
     D:5: 1034 daAuts
  Lair:3: 1011 daAuts
